 Seeded DCSS version 0.29-a0-88-g03a7b78be7 (webtiles) character file.

Game seed: 156 (custom seed)

64 knot the Chopper (level 3, -1/43 HPs)
             Began as a Demonspawn Berserker on Feb 6, 2022.
             Was a Follower of Trog.
             Slain by a gnoll (2 damage)
             ... on level 2 of the Dungeon.
             The game lasted 00:02:12 (2370 turns).

knot the Chopper (Demonspawn Berserker)             Turns: 2370, Time: 00:02:13

Health: -1/43      AC:  2    Str: 17    XL:     3   Next: 91%
Magic:  3/3        EV: 12    Int: 10    God:    Trog [*.....]
Gold:   56         SH:  0    Dex: 12    Spells: 2/2 levels left

rFire   . . .      SeeInvis .   j - +2 halberd (flame)
rCold   . . .      Faith    .   (shield currently unavailable)
rNeg    . . .      Spirit   .   b - +0 animal skin
rPois   .          Reflect  .   (no helmet)
rElec   .          Harm     .   (no cloak)
rCorr   .          Rampage  .   (no gloves)
Will    .....                   (no boots)
Stlth   ..........              (no amulet)
HPRegen 0.14/turn               (no ring)
MPRegen 0.08/turn               (no ring)

@: berserking, very quick
A: sturdy frame 1
a: Renounce Religion, Berserk


You were on level 2 of the Dungeon.
You worshipped Trog.
Trog was aware of your devotion.
You visited 1 branch of the dungeon, and saw 2 of its levels.

You collected 56 gold pieces.

Inventory:

Hand Weapons
 a - a +0 hand axe
 j - a +2 halberd of flaming (weapon)
Missiles
 e - 50 stones (quivered)
Armour
 b - a +0 animal skin (worn)
Scrolls
 c - a scroll of identify {unknown}
 d - a scroll of fear {unknown}
 g - a scroll of enchant armour {unknown}
 h - a scroll of teleportation {unknown}
Potions
 f - 2 potions of attraction {unknown}
 i - a potion of curing {unknown}


   Skills:
 - Level 3.0 Fighting
 * Level 4.2 Axes
 * Level 0.8 Throwing
 - Level 1.7 Armour
 - Level 1.7 Dodging


You had 2 spell levels left.
You didn't know any spells.
Your spell library contained the following spells:

 Spells                   Type           Power      Damage    Failure   Level
 Dazzling Flash           Conj/Hex       0%         N/A       75%         3
 Iskenderun's Mystic Bla  Conj/Tloc      0%         2d3       98%         4
 Starburst                Conj/Fire      0%         6d3       100%        6


Dungeon Overview and Level Annotations

Branches:
Dungeon (2/15)

Altars:

Shops:
D:1 !   D:2 :

Annotations:
D:2 Terence


Innate Abilities, Weirdness & Mutations

Your movements are slightly less encumbered by armour. (ER -2)


Message History

Trog accepts your kill.
No target in view!
No target in view!
No target in view!
You start resting.
HP restored.
You start waiting.
Done waiting.
You climb downwards.
Level annotation: Terence The ball python hisses angrily.
The gnoll barely misses you. The ball python closely misses you. x2
The gnoll hits you with a +0 spear.
There is a stone staircase leading up here.
Unknown command.
The ball python barely misses you. The ball python grabs you.
You stop ascending the stairs.
The ball python constricts you. The gnoll hits you with a +0 spear.
You puncture the ball python! You burn the ball python.
You kill the ball python!
Trog accepts your kill. The gnoll hits you with a +0 spear!
You barely miss the gnoll. The gnoll hits you with a +0 spear.
The gnoll misses you.
You are too injured to fight recklessly!
You are too injured to fight recklessly!
You are too injured to fight recklessly!
You are too injured to fight recklessly!
You closely miss the gnoll. The gnoll hits you with a +0 spear!
* * * LOW HITPOINT WARNING * * *
You closely miss the gnoll. The gnoll closely misses you.
A red film seems to cover your vision as you go berserk!
You feel yourself moving faster!
You feel mighty! The gnoll hits you with a +0 spear.
* * * LOW HITPOINT WARNING * * *
You barely miss the gnoll. The gnoll hits you with a +0 spear.
* * * LOW HITPOINT WARNING * * *
You closely miss the gnoll. The gnoll barely misses you.
You closely miss the gnoll. The gnoll hits you with a +0 spear.
You die...

#.#####.# #.......# ##
#..######## ..
###.........####.#
#................####
##.#g######..<........
#.....# ##.#.#######.
#.g...####....#####
#..#......∩g@.....#
#..#...###....###.#
#..###.# ##.#.# #.#
#... .# #.#.###.# #..#
#g# #....##.## ....
...###.#.###..# #..#
....#.### ##.# .....#
#.# #.#...# #.#


You could see a gnoll.

Vanquished Creatures
  3 gnolls (D:1)
  An adder skeleton (D:2)
  A dart slug (D:1)
  A bat (D:1)
  3 endoplasms (D:1)
  A giant cockroach (D:1)
  4 goblins (D:1)
  2 hobgoblins
  6 jackals
  2 ball pythons
  3 frilled lizards
  2 rats
29 creatures vanquished.

Notes
Turn   | Place    | Note
-------+----------+-------------------------------------------
     0 | D:1      | knot the Demonspawn Berserker began the quest for the Orb.
     0 | D:1      | Reached XP level 1. HP: 18/18 MP: 1/1
   128 | D:1      | Reached skill level 3 in Axes
   138 | D:1      | Found Wyigosygh's Distillery.
   171 | D:1      | Gained mutation: Your movements are slightly less
                  | encumbered by armour. (ER -2) [demonic ancestry]
   171 | D:1      | Reached XP level 2. HP: 21/24 MP: 2/2
   472 | D:1      | Found a faded altar of an unknown god.
   811 | D:1      | Reached XP level 3. HP: 25/29 MP: 3/3
  1158 | D:2      | Found Duuckuh's Book Emporium.
  1226 | D:2      | Reached skill level 4 in Axes
  1457 | D:2      | Noticed Terence
  2368 | D:2      | HP: 1/43 [gnoll (4)]
  2370 | D:2      | Slain by a gnoll

Illustrated notes

Levels and vault maps discovered:
D:1:      ncdulo_watergridlock, layout_loops_ring, serial_shops, shop_statue,
          dilly_ecumenical_altar_fadedgnrine
D:2:      layout_loops_ring, serial_shops, shop, hangedman_decor_points,
          uniq_terence, uniq_natasha

Skill      XL: |  1  2  3 |
---------------+----------+-----
Axes           | 3 4 |  4.2
Fighting       | |  3.0
Throwing       | |  0.8
Armour         | |  1.7
Dodging        | |  1.7

Action                   || total
-------------------------++-------
Melee: Hand axe          ||    74
       Halberd           ||    14
Throw: Stone             ||     1
Invok: Berserk           ||     4
 Stab: Sleeping          ||     2
Armor: Animal skin       ||     9
Dodge: Dodged            ||    60

Table legend: (Time is in decaauts)
 A = Elapsed time spent in this place.
 B = Non-inter-level travel time spent in this place.
 C = Inter-level travel time spent in this place.
 D = Time resting spent in this place.
 E = Time spent auto-exploring this place.
 F = Levels seen in this place.
 G = Mean time per level.
                   A        B        C        D        E       F      G
               +--------+--------+--------+--------+--------+-----+--------+
         Total |   2419 |   2363 |     56 |    987 |   1151 |   2 | 1209.5 |
       Dungeon |   2419 |   2363 |     56 |    987 |   1151 |   2 | 1209.5 |
               +--------+--------+--------+--------+--------+-----+--------+

Top non-repeatable levels by time:
     D:1: 2103 daAuts
     D:2: 316 daAuts
